 Dungeon Crawl Stone Soup version 0.27-a0-333-gfa571bf19a (webtiles) character file.

Game seed: 283717524061561782

63 ReteAZ the Twirler (level 4, 0/51 HPs)
             Began as a Human Gladiator on Feb 12, 2021.
             Succumbed to Jessica's poison
             ... on level 2 of the Dungeon.
             The game lasted 00:02:21 (1899 turns).

ReteAZ the Twirler (Human Gladiator)                Turns: 1899, Time: 00:02:22

Health: 0/51       AC:  4    Str: 15    XL:     4   Next: 30%
Magic:  4/4        EV: 13    Int:  9    God:
Gold:   87         SH:  0    Dex: 14    Spells: 3/3 levels left

rFire    . . .     SeeInvis .   a - +0 quarterstaff
rCold    . . .     Faith    .   (shield currently unavailable)
rNeg     . . .     Spirit   .   b - +0 leather armour
rPois    .         Reflect  .   c - +0 helmet
rElec    .         Harm     .   (no cloak)
rCorr    .         Rampage  .   (no gloves)
Will     .....                  (no boots)
Stlth    ..........             (no amulet)
HPRegen  0.17/turn              (no ring)
MPRegen  0.09/turn              (no ring)

@: berserking, lethally poisoned (0 -> -15), flying, very quick
A: no striking features
a: no special abilities


You were on level 2 of the Dungeon.
You visited 1 branch of the dungeon, and saw 2 of its levels.

You collected 87 gold pieces.

Inventory:

Hand Weapons
 a - a +0 quarterstaff (weapon)
Missiles
 d - a throwing net (quivered)
Armour
 b - a +0 leather armour (worn)
 c - a +0 helmet (worn)
Jewellery
 k - a +6 ring of intelligence {unknown}
Scrolls
 e - a scroll of enchant weapon {unknown}
 f - a scroll of teleportation {unknown}
 h - a scroll of amnesia {unknown}
 l - 2 scrolls of identify {unknown}
 m - a scroll of immolation {unknown}
 o - a scroll of blinking {unknown}
Potions
 g - a potion of curing {unknown}
 i - a potion of flight
 j - a potion of heal wounds {unknown}
 n - a potion of attraction {unknown}
 p - a potion of lignification {unknown}
 q - a potion of berserk rage


   Skills:
 + Level 2.9 Fighting
 + Level 3.7 Staves
 - Level 2.0 Throwing
 + Level 1.9 Armour
 - Level 3.0 Dodging


You had 3 spell levels left.
You didn't know any spells.
Your spell library was empty.

Dungeon Overview and Level Annotations

Branches:
Dungeon (2/15)

Altars:
Uskayaw
Zin

Annotations:
D:2 Jessica, Natasha


Message History

Press: ? - help, Q - select action Shift-Dir - straight line, f/p - Jessica
Aim: Jessica, wielding a +1 dagger of venom and wearing a +0 robe (heavily wounded, fast, strong, 60% to hit)
You throw a throwing net. The throwing net hits Jessica.
Jessica is caught in the net!
Jessica is heavily wounded.
You feel sick.
Jessica struggles against the net.
Natasha casts a spell.
You hit Jessica but do no damage.
Jessica is heavily wounded.
* * * LOW HITPOINT WARNING * * *
You feel sick.
Jessica struggles against the net.
Jessica gestures wildly while chanting.
Jessica blinks!
You sock the white imp!
The white imp is severely wounded.
* * * LOW HITPOINT WARNING * * *
You feel very sick.
* * * LOW HITPOINT WARNING * * *
You feel sick.
* * * LOW HITPOINT WARNING * * *
You feel sick.
It was a potion of flight.
You feel very buoyant.
You fly up into the air.
* * * LOW HITPOINT WARNING * * *
You feel sick.
The crimson imp laughs crazily.
The crimson imp hits you but does no damage.
It was a potion of berserk rage.
A red film seems to cover your vision as you go berserk!
You feel yourself moving faster!
You feel mighty!
* * * LOW HITPOINT WARNING * * *
You feel sick.
Jessica gestures wildly.
The crimson imp misses you.
You are too berserk!
You feel a strong urge to attack something.
* * * LOW HITPOINT WARNING * * *
You feel sick.
You die...

########
#...@..#
#5####.# #5# #.#
#h# #.# @..
#.##############
....#
#>..............
.....#
#)#######..##.##
......# #.#
##.##.#
.......###.##
#.##.#


You could see a crimson imp (summoned).

Vanquished Creatures
  An adder (D:2)
  A worm (D:2)
  A dart slug (D:1)
  A leopard gecko (D:1)
  3 giant cockroaches (D:2)
  7 goblins
  7 hobgoblins
  3 jackals (D:2)
  3 kobolds
  A quokka (D:2)
  8 bats
  5 frilled lizards
  4 rats (D:1)
45 creatures vanquished.

Notes
Turn   | Place    | Note
-------+----------+-------------------------------------------
     0 | D:1      | ReteAZ the Human Gladiator began the quest for the Orb.
     0 | D:1      | Reached XP level 1. HP: 16/16 MP: 1/1
    71 | D:1      | Reached XP level 2. HP: 20/22 MP: 2/2
   319 | D:1      | Reached skill level 1 in Armour
   376 | D:1      | Reached XP level 3. HP: 25/28 MP: 3/3
  1147 | D:2      | Found a hide-covered altar of Uskayaw.
  1391 | D:2      | Reached XP level 4. HP: 34/34 MP: 4/4
  1664 | D:2      | Found a glowing silver altar of Zin.
  1879 | D:2      | Noticed Jessica
  1881 | D:2      | Noticed Natasha
  1897 | D:2      | HP: 2/51 [poisoned by Jessica]
  1899 | D:2      | Succumbed to Jessica's poison

Illustrated notes

Levels and vault maps discovered:
D:1:      shiori_arrival_elements, layout_rooms, minivault_24
D:2:      layout_basic, old_standard_altar, general_overflow_altar,
          uniq_natasha, uniq_jessica

Skill      XL: |  1  2 |
---------------+-------+-----
Armour         | 1 |  1.9
Fighting       | |  2.9
Staves         | |  3.7
Throwing       | |  2.0
Dodging        | |  3.0

Action                   |  1- 3 |  4- 6 || total
-------------------------+-------+-------++-------
Melee: Quarterstaff      |    98 |    51 ||   149
Throw: Throwing net      |       |     2 ||     2
  Use: Potion            |       |     2 ||     2
Armor: Leather armour    |    25 |    16 ||    41
Dodge: Dodged            |    84 |    29 ||   113

Table legend: (Time is in decaauts)
 A = Elapsed time spent in this place.
 B = Non-inter-level travel time spent in this place.
 C = Inter-level travel time spent in this place.
 D = Time resting spent in this place.
 E = Time spent auto-exploring this place.
 F = Levels seen in this place.
 G = Mean time per level.
                   A        B        C        D        E       F      G
               +--------+--------+--------+--------+--------+-----+--------+
         Total |   1917 |   1899 |     18 |    462 |   1081 |   2 |  958.5 |
       Dungeon |   1917 |   1899 |     18 |    462 |   1081 |   2 |  958.5 |
               +--------+--------+--------+--------+--------+-----+--------+

Top non-repeatable levels by time:
     D:2: 973 daAuts
     D:1: 944 daAuts
